[ PARTIDA AOE2 · #476707487 ]
UnrankedChinos vs Teutons
[ ANÁLISIS DE REPETICIÓN · EXTRAÍDO DE LA PARTIDA GRABADA ]
Feudal
—
Castillos
—
Imperial
—
| APM promedio | 38.3 |
| APM pico | 108 |
| eAPM promedio | 11.6 |
| Aldeanos / militares | 6 / 0 |
Foco
⚔️ 19.2% · 🌾 80.8%
Feudal
—
Castillos
—
Imperial
—
| APM promedio | 68.0 |
| APM pico | 81 |
| eAPM promedio | 12.4 |
| Aldeanos / militares | 13 / 0 |
Foco
⚔️ 6.1% · 🌾 93.9%
Feudal
—
Castillos
—
Imperial
—
| APM promedio | 20.5 |
| APM pico | 26 |
| eAPM promedio | 14.1 |
| Aldeanos / militares | 8 / 0 |
Foco
⚔️ 14.3% · 🌾 85.7%
Feudal
—
Castillos
—
Imperial
—
| APM promedio | 22.6 |
| APM pico | 37 |
| eAPM promedio | 12.6 |
| Aldeanos / militares | 8 / 0 |
Foco
⚔️ 22.6% · 🌾 77.4%
Mapa de la partida
Recursos iniciales + cada clic de construcción. Líneas = muros · curvas = relieve. ◆ oro · ⬟ piedra · ● bayas · ✦ reliquia · ◌ hueco del cierre
Tu base
Base de 星冰乐
Base de nathanst1996
Base de eggplantsonnyangel
Terreno inicial suavizado · ◌ = hueco del cierre detectado · pasá el cursor para detalles
Inputs por minuto
— LaTO - - 星冰乐
Build order — LaTO
13 acciones detectadas en el replay
| 0:05 | Investigar | Loom |
| 0:48 | Construir | Palisade Wall |
| 1:00 | Construir | Palisade Wall |
| 2:23 | Construir | Palisade Wall |
| 2:28 | Construir | House |
| 2:33 | Construir | Palisade Wall |
| 2:41 | Crear | Villager (Male) |
| 2:42 | Crear | Villager (Male) |
| 4:11 | Construir | Palisade Wall |
| 4:16 | Crear | Villager (Male) |
| 4:16 | Crear | Villager (Male) |
| 4:17 | Crear | Villager (Male) |
| 4:51 | Crear | Villager (Male) |
Build order — 星冰乐
17 acciones detectadas en el replay
| 0:02 | Construir | House |
| 0:05 | Construir | House |
| 0:06 | Crear | Villager (Male) |
| 0:06 | Crear | Villager (Male) |
| 0:07 | Crear | Villager (Male) |
| 0:07 | Crear | Villager (Male) |
| 1:50 | Crear | Villager (Male) |
| 2:25 | Crear | Villager (Male) |
| 3:01 | Crear | Villager (Male) |
| 3:13 | Construir | House |
| 3:15 | Construir | Lumber Camp |
| 3:34 | Crear | Villager (Male) |
| 3:35 | Crear | Villager (Male) |
| 4:08 | Crear | Villager (Male) |
| 4:50 | Crear | Villager (Male) |
| 4:50 | Crear | Villager (Male) |
| 4:51 | Crear | Villager (Male) |
Build order — nathanst1996
14 acciones detectadas en el replay
| 0:03 | Crear | Villager (Male) |
| 0:04 | Investigar | Loom |
| 0:05 | Crear | Villager (Male) ×3 |
| 0:11 | Construir | House |
| 0:18 | Construir | House |
| 0:19 | Construir | House |
| 0:34 | Construir | Palisade Wall |
| 0:47 | Construir | House |
| 0:51 | Construir | House |
| 2:44 | Crear | Villager (Male) |
| 3:25 | Crear | Villager (Male) |
| 3:47 | Crear | Villager (Male) |
| 4:38 | Crear | Villager (Male) |
| 5:06 | Construir | Mill |
Build order — eggplantsonnyangel
12 acciones detectadas en el replay
| 0:10 | Crear | Villager (Male) |
| 0:10 | Crear | Villager (Male) |
| 0:10 | Crear | Villager (Male) |
| 0:11 | Crear | Villager (Male) |
| 0:14 | Investigar | Loom |
| 0:16 | Construir | House |
| 0:16 | Crear | Villager (Male) |
| 0:16 | Crear | Villager (Male) |
| 0:28 | Crear | Villager (Male) |
| 0:29 | Crear | Villager (Male) |
| 0:59 | Construir | Palisade Wall |
| 1:52 | Construir | Palisade Wall |
Cronología de la partida
| 0:34 | nathanst1996 · wall_segment Palisade Wall x12 |
| 0:48 | LaTO · wall_segment Palisade Wall x10 |
| 0:59 | eggplantsonnyangel · wall_segment Palisade Wall x12 |
| 1:00 | LaTO · wall_segment Palisade Wall x9 |
| 1:52 | eggplantsonnyangel · wall_segment Palisade Wall x10 |
| 2:23 | LaTO · wall_segment Palisade Wall x1 |
| 2:33 | LaTO · wall_segment Palisade Wall x6 |
| 4:11 | LaTO · wall_segment Palisade Wall x7 |
| 5:02 | eggplantsonnyangel · resign |
[ ANÁLISIS IA · 1 CRÉDITO ]
¿Qué pasó realmente en esta partida?
Wolo.gg analiza cada decisión: build order, eco, micro, errores típicos por bracket. Análisis personalizado por WhatsApp o Discord en 30 segundos.
Guía civ
Chinos
Perfil
Jugador #8544358